 Dungeon Crawl Stone Soup version 0.31.0-12-g77e489cdc1 (webtiles) character file.

Game seed: 433465850162685271

1138 lordive the Carver (level 8, -5/70 HPs)
             Began as a Minotaur Monk on Mar 2, 2024.
             Was a Believer of Okawaru.
             Slain by a gnoll sergeant
             ... wielding a +0 spear
              (10 damage)
             ... on level 4 of the Dungeon.
             The game lasted 00:05:07 (3601 turns).

lordive the Carver (Minotaur Monk)                  Turns: 3601, Time: 00:05:08

Health: -5/70      AC: 13    Str: 19    XL:     8   Next: 14%
Magic:  7/7        EV: 13    Int: 13    God:    Okawaru [**....]
Gold:   154        SH:  0    Dex: 17    Spells: 7/7 levels left

rFire   + . .        a - +0 falchion
rCold   . . .        d - orb {light}
rNeg    . . .        l - +0 swamp dragon scales
rPois   +            (helmet restricted)
rElec   .            (no cloak)
rCorr   .            m - +2 pair of gloves "Reonkeon" {rF+ Str+3 Dex+2 Stlth+}
SInv    .            v - +0 pair of boots
Will    .....        (no amulet)
Stlth   +            f - +6 ring of intelligence
HPRegen 0.31/turn    (no ring)
MPRegen 0.10/turn

%: no passive effects
@: glowing
A: horns 2, retaliatory headbutt
a: Renounce Religion, Heroism


You were on level 4 of the Dungeon.
You worshipped Okawaru.
Okawaru was pleased with you.
You visited 2 branches of the dungeon, and saw 6 of its levels.

You collected 154 gold pieces.

Inventory:

Hand Weapons
 a - a +0 falchion (weapon)
Missiles
 r - a throwing net (quivered)
Armour
 d - an orb of light (worn)
 l - +0 swamp dragon scales (worn)
 m - the +2 pair of gloves "Reonkeon" (worn) {rF+ Str+3 Dex+2 Stlth+}
   (You found it on level 2 of the Dungeon)

   Str+3:     It affects your strength (+3).
   Dex+2:     It affects your dexterity (+2).
   rF+:       It protects you from fire.
   Stlth+:    It makes you more stealthy.
 s - a +1 scale mail of cold resistance
 v - a +0 pair of boots (worn)
Jewellery
 f - a +6 ring of intelligence (left hand)
 t - an amulet of magic regeneration
Wands
 o - a wand of polymorph (17)
 A - a wand of mindburst (14)
Scrolls
 c - a scroll of teleportation {unknown}
 e - 4 scrolls of noise {unknown}
 g - a scroll of blinking {unknown}
 j - a scroll of enchant armour {unknown}
 k - 5 scrolls of identify {unknown}
 n - a scroll of torment {unknown}
 p - 2 scrolls of fog {unknown}
 w - 2 scrolls of vulnerability {unknown}
 x - a scroll of immolation {unknown}
 y - 2 scrolls of fear {unknown}
 z - 2 scrolls of amnesia {unknown}
Potions
 b - a potion of degeneration {unknown}
 h - 2 potions of curing {unknown}
 i - a potion of cancellation {unknown}
 q - 2 potions of attraction {unknown}
 u - a potion of haste {unknown}


   Skills:
 + Level 6.2 Fighting
 + Level 8.5 Long Blades
 + Level 4.9 Armour
 + Level 5.1 Dodging
 + Level 0.7 Stealth


You had 7 spell levels left.
You didn't know any spells.
Your spell library contained the following spells:

 Spells                   Type           Power      Damage    Failure   Level
 Blink                    Tloc           0%         N/A       61%         2
 Lesser Beckoning         Tloc           0%         N/A       61%         2
 Momentum Strike          Conj/Tloc      0%         3d8       61%         2


Dungeon Overview and Level Annotations

Branches:
Dungeon (5/15)             Temple (1/1) D:4

Altars:
Ashenzari
Dithmenos
Elyvilon
Fedhas
Gozag
Hepliaklqana
Kikubaaqudgha
Makhleb
Nemelex Xobeh
Okawaru
Qazlal
Ru
Sif Muna
Trog
Vehumet
Wu Jian
Yredelemnul
Zin
The Shining One

Annotations:
D:3 3 runed translucent doors, spaghetti's ghost, amateur DsHu


Innate Abilities, Weirdness & Mutations

You have a pair of horns on your head.
You reflexively headbutt those who attack you in melee.


Message History

You hit the gnoll but do no damage.
The gnoll is severely wounded.
The gnoll hits you with a +0 club.
* * * LOW HITPOINT WARNING * * *
The gnoll sergeant hits you but does no damage.
You hit the gnoll but do no damage.
The gnoll is severely wounded.
The gnoll hits you with a +0 club.
* * * LOW HITPOINT WARNING * * *
You slash the gnoll!
You kill the gnoll!
Okawaru accepts your kill. The gnoll sergeant closely misses you.
The gnoll sergeant hits you but does no damage.
The gnoll barely misses you.
Things that are here:
a +0 club; a gnoll corpse; a ball python corpse You hit the gnoll sergeant.
The gnoll sergeant is lightly wounded.
The gnoll sergeant hits you with a +0 spear.
* * * LOW HITPOINT WARNING * * *
The gnoll closely misses you.
You hit the gnoll sergeant.
The gnoll sergeant is lightly wounded.
The gnoll sergeant hits you but does no damage.
The gnoll closely misses you.
You hit the gnoll sergeant but do no damage.
The gnoll sergeant is lightly wounded.
The gnoll sergeant hits you with a +0 spear.
* * * LOW HITPOINT WARNING * * *
The gnoll closely misses you.
You hit the gnoll sergeant but do no damage.
The gnoll sergeant blocks your attack.
The gnoll sergeant is lightly wounded.
The gnoll sergeant hits you but does no damage.
The gnoll closely misses you.
You hit the gnoll sergeant.
The gnoll sergeant is moderately wounded.
The gnoll sergeant hits you with a +0 spear!
You die...

.........# #.#
.........# #.#
.........# ..#
.........# ..#
.........#
........?#
.......).#
.........#########
.........(gg@....##
################..##
##..## #####
##..#####....
##.#...#....
#...8....>.
###...#....
#####.... #####


You could see a gnoll sergeant and a gnoll.

Vanquished Creatures
  Grinder (D:3)
  A black bear (D:5)
  An ogre (D:4)
  A phantom (D:5)
  A scorpion (D:5)
  4 hounds (D:5)
  2 jellies
  3 iguanas
  2 sleepcaps
  2 orc wizards (D:5)
  Natasha (thrice) (D:2)
  5 gnolls
  3 adders
  A shadow imp (D:5)
  2 adder skeletons (D:2)
  An adder zombie (D:2)
  A dart slug (D:4)
  12 orcs
  9 ball pythons
  A bat skeleton (D:2)
  2 bat zombies (D:2)
  6 endoplasms
  5 giant cockroaches
  3 goblins
  9 hobgoblins
  12 jackals
  3 quokkas
  A ball python zombie (D:2)
  6 bats
  8 frilled lizards
  A giant cockroach zombie (D:2)
  6 kobolds
  A quokka zombie (D:2)
  2 rats
121 creatures vanquished.

Notes
Turn   | Place    | Note
-------+----------+-------------------------------------------
     0 | D:1      | lordive the Minotaur Monk began the quest for the Orb.
     0 | D:1      | Reached XP level 1. HP: 19/19 MP: 0/0
   264 | D:1      | Reached XP level 2. HP: 27/27 MP: 1/1
   408 | D:1      | Reached skill level 4 in Long Blades
   580 | D:2      | Reached XP level 3. HP: 30/33 MP: 2/2
   734 | D:2      | Reached XP level 4. HP: 31/41 MP: 3/3
   835 | D:2      | Noticed Natasha
   841 | D:2      | Killed Natasha
   842 | D:2      | Reached skill level 5 in Long Blades
   842 | D:2      | Reached skill level 1 in Armour
   913 | D:2      | Identified the +2 pair of gloves "Reonkeon" {rF+ Str+3
                  | Dex+2 Stlth+}
   962 | D:2      | Noticed Natasha
   967 | D:2      | Killed Natasha
   968 | D:2      | Reached XP level 5. HP: 35/47 MP: 4/4
  1022 | D:2      | Noticed Natasha
  1043 | D:2      | Killed Natasha
  1566 | D:3      | Found a runed translucent gate.
  1566 | D:3      | Found a runed translucent gate.
  1566 | D:3      | Found a runed translucent gate.
  1567 | D:3      | Found an opulent altar of Gozag.
  1568 | D:3      | Noticed spaghetti's ghost (amateur DsHu)
  2010 | D:3      | Noticed Grinder
  2014 | D:3      | Paralysed by Grinder for 5 turns
  2025 | D:3      | Paralysed by Grinder for 3 turns
  2028 | D:3      | Killed Grinder
  2029 | D:3      | Reached skill level 5 in Fighting
  2029 | D:3      | Reached skill level 6 in Long Blades
  2029 | D:3      | Reached XP level 6. HP: 40/56 MP: 5/5
  2608 | D:4      | Reached skill level 7 in Long Blades
  2608 | D:4      | Reached XP level 7. HP: 61/61 MP: 6/6
  2648 | D:4      | You fall into a shaft and drop 1 floor!
  2648 | D:5      | Entered Level 5 of the Dungeon
  3022 | D:5      | Noticed a yak
  3022 | D:5      | Noticed a vampire
  3110 | D:5      | Reached skill level 5 in Dodging
  3123 | D:5      | Reached skill level 8 in Long Blades
  3196 | D:5      | Reached XP level 8. HP: 67/70 MP: 7/7
  3214 | D:5      | Found a radiant altar of Vehumet.
  3221 | D:5      | Found a shimmering blue altar of Sif Muna.
  3514 | D:4      | Found a staircase to the Ecumenical Temple.
  3530 | Temple   | Entered the Ecumenical Temple
  3537 | Temple   | Became a worshipper of Warmaster Okawaru
  3537 | Temple   | Reached * piety under Okawaru
  3537 | Temple   | Reached ** piety under Okawaru
  3601 | D:4      | Slain by a gnoll sergeant

Illustrated notes

Levels and vault maps discovered:
D:1:      eino_arrival_cavern_d, layout_basic, chequers_garden, grunt_decor_cap,
          minmay_shallow_snake_nest
D:2:      layout_rooms, serial_undead, serial_undead_b, serial_undead_f,
          serial_undead_a, serial_undead_d, uniq_natasha
D:3:      layout_loops_ring, ebering_ghost_gozag, minmay_door_square,
          corner_web_ring, minmay_misc_feat_square, st_stairs_4,
          patterned_corridor, uniq_grinder
D:4:      layout_basic, minmay_temple_entry_antechambers, minivault_25,
          nicolae_grassy_gnolls
D:5:      layout_basic, mainiacjoe_overflow_big_doors, lightli_corner_chamber
Temple:   minmay_crystal_spiral_temple

Skill      XL: |  1  2  3  4  5  6  7 |
---------------+----------------------+-----
Long Blades    | 4 5 6 7 8 |  8.5
Fighting       | 4 5 6 |  6.2
Armour         | 1 2 3 4 |  4.9
Dodging        | 4 5 |  5.1
Stealth        | |  0.7

Action                     |  1- 3 |  4- 6 |  7- 9 || total
---------------------------+-------+-------+-------++-------
  Melee: Falchion          |    77 |   116 |    95 ||   288
         Headbutt          |    19 |    29 |    25 ||    73
         Unarmed           |       |     9 |       ||     9
    Use: Potion            |       |       |     1 ||     1
 Armour: Robe              |     4 |       |       ||     4
         Chain mail        |    82 |       |       ||    82
         Swamp dragon scal |       |    83 |    95 ||   178
         Skin              |       |     9 |       ||     9
  Dodge: Dodged            |    57 |    94 |    87 ||   238
